 Dungeon Crawl Stone Soup version 0.31-a0-746-ge8284cb111 (webtiles) character file.

Game seed: 2638257137993224824

153659 tensugalgo the Brawler (level 17, -25/262 HPs)
             Began as a Troll Gladiator on Sept 14, 2023.
             Was a High Priest of Trog.
             Annihilated by a tyrant leech (31 damage)
             ... on level 3 of the Swamp.
             The game lasted 01:17:04 (28304 turns).

tensugalgo the Brawler (Troll Gladiator)           Turns: 28304, Time: 01:17:05

Health: -25/262    AC: 10    Str: 26    XL:     17   Next: 5%
Magic:  16/16      EV: 14    Int:  8    God:    Trog [*****.]
Gold:   2763       SH:  0    Dex: 13    Spells: 16/16 levels left

rFire   . .          .
                       - Unarmed
rCold   . . .        (no shield)
rNeg    . . .        e - +0 swamp dragon scales
rPois   +            b - +0 hat
rElec   .            C - +0 cloak
rCorr   .            (gloves unavailable)
SInv    .            (boots unavailable)
Will    ++++.        g - amulet of regeneration Stlth
                     N - +4 ring of protection
HPRegen 3.23/turn    k - ring of willpower
MPRegen 0.15/turn

%: no passive effects
@: berserking, strong-willed, corroded, regenerating, invisible, very quick
A: large, unfitting armour, claws 3, regeneration 1, shaggy fur 1, tough skin 1
a: Renounce Religion, Berserk, Trog's Hand, Brothers in Arms


You were on level 3 of the Swamp.
You worshipped Trog.
Trog was extremely pleased with you.
You visited 5 branches of the dungeon, and saw 29 of its levels.
You also visited: Ossuary.

You collected 2887 gold pieces.
You spent 124 gold pieces at shops.

Inventory:

Hand Weapons
 A - a +4 scimitar of flaming
Missiles
 c - 8 throwing nets
 d - 17 large rocks
 v - 31 poisoned darts
 J - 2 curare-tipped darts
 Q - a javelin
 S - 11 boomerangs (quivered)
Armour
 b - a +0 hat (worn)
 e - +0 swamp dragon scales (worn)
 C - a +0 cloak (worn)
 H - the +1 robe of Vines {NoPotionHeal Regen++++}
   (You found it on level 1 of the Lair of Beasts)

   NoPotionHeal: Its wearer cannot be healed by potions.
   Regen++++: It increases your rate of health regeneration.
 U - a +2 robe of cold resistance
 W - a +0 kite shield
Jewellery
 a - the amulet of Woym Yco {RegenMP rPois Int+3}
   (You found it on level 12 of the Dungeon)

   [amulet of magic regeneration]

   RegenMP:   It increases your rate of magic regeneration.
   Int+3:     It affects your intelligence (+3).
   rPois:     It protects you from poison
 g - an amulet of regeneration (around neck)
 j - a ring of flight
 k - a ring of willpower (right claw)
 I - a ring of protection from fire
 N - a +4 ring of protection (left claw)
 R - a ring of fire
 T - a ring of ice
 V - a ring of see invisible
Talismans
 B - a flux talisman
Wands
 w - a wand of polymorph (10)
 x - a wand of roots (4)
 D - a wand of flame (6)
 X - a wand of paralysis (26)
 Z - a wand of digging (5)
Scrolls
 l - 4 scrolls of vulnerability
 n - a scroll of brand weapon
 p - 15 scrolls of teleportation
 s - 3 scrolls of revelation
 u - 5 scrolls of enchant armour
 y - 4 scrolls of poison
 E - a scroll of noise {unknown}
 F - 4 scrolls of fog
 M - 4 scrolls of enchant weapon
 O - 2 scrolls of silence
Potions
 f - 4 potions of lignification {unknown}
 h - 6 potions of degeneration {unknown}
 i - 7 potions of brilliance {unknown}
 m - 5 potions of heal wounds {unknown}
 o - 4 potions of magic
 q - 8 potions of enlightenment
 r - 3 potions of curing
 t - 4 potions of ambrosia
 z - 3 potions of mutation
 G - 2 potions of might
 K - a potion of haste
 L - 2 potions of resistance
 P - a potion of cancellation


   Skills:
 - Level 12.8 Fighting
 - Level 9.7 Throwing
 - Level 2.1 Armour
 - Level 12.9 Dodging
 + Level 5.6 Shields
 - Level 17.4 Unarmed Combat
 - Level 5.0 Evocations
 - Level 8.0 Shapeshifting


You had 16 spell levels left.
You didn't know any spells.
Your spell library was empty.

Dungeon Overview and Level Annotations

Branches:
Dungeon (15/15)            Temple (0/1) D:6            Lair (5/5) D:8
  Swamp (3/4) Lair:3       Spider (4/4) Lair:3        Slime (0/5) Lair:4
    Orc (2/2) D:12            Elf (0/3) Orc:2       Ossuary (visited)
 Vaults: D:13-14     Depths: D:15

Altars:
Cheibriados
Fedhas
Gozag
Kikubaaqudgha
Makhleb
Nemelex Xobeh
Qazlal
Ru
Sif Muna
Trog
Uskayaw
Vehumet
Xom
The Shining One

Shops:
D:4 !*[*   D:12 *   Orc:2 =*[(

Portals:
Trove: D:11 (give horn of Geryon)

Annotations:
D:13 exclusion: door
D:15 1 exclusion
Spider:2 2 transporters, exclusion: orange crystal statue
Spider:3 1 runed translucent door, Doitsug's ghost, adept KoAr


Innate Abilities, Weirdness & Mutations

You are too large for most types of armour.
You have claws for hands.
Your natural rate of healing is unusually fast.
You are covered in fur. (AC +1)
You have tough skin. (AC +1)


Message History

You mangle the alligator!!
You kill the alligator!
Trog accepts your kill.
Your deep troll barely misses the tyrant leech.
Your deep troll completely misses the tyrant leech.
Your deep troll barely misses the tyrant leech.
The swamp worm bites you.
* * * LOW HITPOINT WARNING * * *
A red film seems to cover your vision as you go berserk!
You feel yourself moving faster!
You feel mighty!
Your deep troll misses the tyrant leech. x2
Your deep troll closely misses the tyrant leech.
The swamp worm bites you!!
* * * LOW HITPOINT WARNING * * *
Your deep troll barely misses the tyrant leech.
Your deep troll claws the tyrant leech!
Your deep troll claws the tyrant leech.
Unknown command.
You mangle the swamp worm!! You claw the swamp worm.
You kill the swamp worm!
Trog accepts your kill.
A spriggan rider comes into view. It is wielding a +0 spear.
The tyrant leech bites you!!
* * * LOW HITPOINT WARNING * * *
The tyrant leech draws strength from your injuries!
The tyrant leech bites you.
* * * LOW HITPOINT WARNING * * *
The tyrant leech draws strength from your injuries!
You mangle the tyrant leech!!
The tyrant leech is moderately wounded.
Your deep troll bites the tyrant leech!
Your deep troll claws the tyrant leech!
Your deep troll completely misses the tyrant leech.
The spriggan rider hits you from afar with a +0 spear!
* * * LOW HITPOINT WARNING * * *
Unknown command.
You completely miss the tyrant leech.
The tyrant leech is moderately wounded.
Your deep troll bites the tyrant leech but does no damage.
Your deep troll barely misses the tyrant leech. x2
The tyrant leech bites you!!
You die...

~~~i~~~.~.~~~.~~~~~~.~
§~§~~§~.♣.~~~~.~~~~.♣
~~~~~~~~~.....♣♣..§♣♣
~~~~~~~....<§~♣..i..♣♣♣
~~~~~~.♣.~~....~~~~...§
~~~~~§♣♣~~§§~/~~~~~..♣
♣♣♣♣~~ ♣...§~§†.i.♣♣
♣♣♣♣~.~~~§~Tw.†.♣
♣..~~~~~~w@..♣
♣♣.§§~~~~.~..♣
.~~§~~~..~~.♣
~~~~~~.~♣♣♣♣♣ ~~~~~~.♣♣
.~~~~~~ ~...~~ ..~~


You could see 2 tyrant leeches, 2 spriggan riders and a friendly deep troll
(summoned, berserk).

Vanquished Creatures
  Frances (D:12)
  2 fenstrider witches (Swamp:2)
  A ghost moth (Spider:3)
  An orc warlord (Orc:2)
  A broodmother (Spider:3)
  3 spark wasps
  2 bunyips (Swamp:1)
  Josephine (Spider:1)
  2 entropy weavers
  Fannar (D:10)
  15 hydras
  A ghost crab (Swamp:2)
  Harold (D:11)
  A catoblepas (Lair:5)
  Erolcha (D:12)
  An ogre mage (D:15)
  3 centaur warriors
  2 jorogumos
  5 boulder beetles
  5 two-headed ogres
  6 alligators
  Erica (Orc:1)
  A radroach (Spider:3)
  2 tengu warriors (D:15)
  5 demonic crawlers
  An orc high priest (Orc:1)
  3 skysharks
  Nergalle (D:10)
  A goliath frog (Swamp:2)
  Lodul (D:10)
  6 pharaoh ants
  A spriggan druid (Swamp:2)
  The ghost of Talonman3 the Trooper, a novice OgCA of Ignis (D:6)
  A sun moth (Spider:1)
  5 orb spiders
  5 bog bodies
  2 swamp dragons
  3 orc knights
  3 steelbarb worms
  An ugly thing (D:13)
  3 deep elf pyromancers
  2 will-o-the-wisps (Swamp:1)
  5 orc sorcerers
  11 wolf spiders
  5 manticores
  An oklob plant (Lair:1)
  4 cyclopes
  2 moths of wrath
  18 elephants
  2 gargoyles (D:12)
  3 black mambas
  8 cane toads
  A freezing wraith (D:14)
  11 komodo dragons
  An efreet (D:14)
  3 rime drakes
  2 tengu conjurers (D:13)
  A queen bee (shapeshifter) (Spider:3)
  3 tyrant leeches
  7 hornets
  12 trolls
  2 hornets (shapeshifter)
  3 polar bears
  39 tarantellas
  19 blink frogs
  5 dream sheep
  23 jumping spiders
  16 culicivoras
  48 yaks
  19 slime creatures
  6 wraiths
  A fire elemental (D:10)
  13 spriggans (Lair:5)
  6 wyverns
  58 redbacks
  Eustachio (D:6)
  4 fire bats (D:10)
  2 golden eyes
  3 basilisks
  Menkaure (D:7)
  9 swamp worms
  2 wargs
  A hydra simulacrum (Lair:1)
  20 water moccasins
  A water moccasin (shapeshifter) (D:14)
  A hell hound (D:10)
  4 acid dragons
  31 orc warriors
  2 sky beasts
  2 ice beasts (D:6)
  7 black bears
  14 ogres
  2 boggarts (Lair:5)
  6 centaurs
  32 wolves
  A phantom (D:4)
  2 kobold brigands
  Blork the orc (Orc:2)
  12 bullfrogs
  A cane toad simulacrum (Lair:1)
  2 scorpions
  A gnoll sergeant (D:9)
  10 wights
  15 killer bees
  A howler monkey (D:10)
  4 electric eels
  2 lava snakes (D:10)
  A komodo dragon simulacrum (Lair:1)
  3 hounds (D:5)
  24 orc priests
  A water moccasin simulacrum (Lair:1)
  2 sleepcaps
  26 orc wizards
  Ijyb (D:3)
  9 iguanas
  A bullfrog simulacrum (Lair:1)
  14 mummies
  8 gnolls
  5 adders
  6 white imps
  An ufetubus (D:7)
  A worm (D:2)
  3 dart slugs
  92 orcs
  10 endoplasms
  3 giant cockroaches
  10 goblins
  9 hobgoblins
  6 jackals
  4 quokkas
  5 ball pythons
  3 bats
  7 frilled lizards
  4 gnoll skeletons (Ossuary)
  A goblin zombie (D:6)
  21 kobolds
  2 kobold skeletons (Ossuary)
  2 orc skeletons (Ossuary)
  A quokka zombie (D:6)
  2 rats
  11 rat skeletons (Ossuary)
  2 rat zombies (D:10)
  2 butterflies (D:4)
963 creatures vanquished.

Vanquished Creatures (collateral kills)
  Agnes (Lair:3)
  A hydra (Swamp:2)
  An alligator (Swamp:3)
  A goliath frog (Swamp:3)
  A spriggan druid (Swamp:3)
  A hornet (Lair:5)
  A spriggan (Lair:5)
  3 yaks (Lair:5)
  A swamp worm (Swamp:3)
  A wolf (Lair:5)
  A boggart (Lair:5)
13 creatures vanquished.

Vanquished Creatures (others)
  The ghost of Xafrigaq the Spear-Bearer, a journeyman GnRe of Sif Muna (Lair:1)
  A rime drake (Lair:1)
  A bloated husk (Swamp:2)
  A redback (Spider:3)
  A komodo dragon simulacrum (Lair:1)
  A bullfrog simulacrum (Lair:1)
  2 foxfires (Swamp:1)
8 creatures vanquished.

Grand Total: 984 creatures vanquished

Notes
Turn   | Place    | Note
-------+----------+-------------------------------------------
     0 | D:1      | tensugalgo the Troll Gladiator began the quest for the Orb.
     0 | D:1      | Reached XP level 1. HP: 19/19 MP: 0/0
   177 | D:1      | Reached XP level 2. HP: 27/27 MP: 1/1
   366 | D:1      | Reached skill level 4 in Unarmed Combat
   662 | D:2      | Reached XP level 3. HP: 33/33 MP: 2/2
   708 | D:2      | Found a faded altar of an unknown god.
   717 | D:2      | Prayed at the altar of an unknown god.
   717 | D:2      | Became a worshipper of Trog the Wrathful
   717 | D:2      | Reached * piety under Trog
  1040 | D:2      | Reached XP level 4. HP: 37/41 MP: 3/3
  1348 | D:3      | Reached skill level 5 in Unarmed Combat
  1418 | D:3      | Found a large runed translucent door.
  1419 | D:3      | Found a large runed translucent door.
  1483 | D:3      | Noticed Ijyb
  1499 | D:3      | Killed Ijyb
  1810 | D:3      | Reached ** piety under Trog
  2057 | D:3      | Found a shimmering altar of Xom.
  2211 | D:4      | Reached XP level 5. HP: 48/48 MP: 4/4
  2239 | D:4      | Reached skill level 6 in Unarmed Combat
  2250 | D:4      | Found a sacrificial altar of Ru.
  2277 | D:4      | Identified the +5 spear "Onepp" {antimagic, rElec rPois
                  | Str+4 Int-4}
  2315 | D:4      | You fall into a shaft and drop 1 floor!
  2315 | D:5      | Entered Level 5 of the Dungeon
  2330 | D:5      | Noticed a water moccasin
  2373 | D:5      | Reached XP level 6. HP: 55/55 MP: 5/5
  2560 | D:4      | Found a shimmering altar of Xom.
  2637 | D:4      | Reached skill level 7 in Unarmed Combat
  2665 | D:4      | Reached *** piety under Trog
  2669 | D:4      | Found Wasch's Armour Boutique.
  2699 | D:4      | Found Neuzoemn's Assorted Antiques.
  2851 | D:4      | Reached XP level 7. HP: 53/62 MP: 6/6
  2893 | D:4      | Reached skill level 1 in Shapeshifting
  2903 | D:4      | Found Suometi's Assorted Antiques.
  3051 | D:4      | Found Tonerpho's Distillery.
  3057 | D:4      | Bought a potion of curing for 42 gold pieces
  3637 | D:5      | Reached XP level 8. HP: 71/71 MP: 7/7
  3652 | D:5      | Reached skill level 8 in Unarmed Combat
  3719 | D:5      | Found a stormy altar of Qazlal.
  3897 | D:6      | Found a staircase to the Ecumenical Temple.
  3969 | D:6      | Found a shimmering blue altar of Sif Muna.
  4107 | D:6      | Found a runed translucent gate.
  4107 | D:6      | Found a runed translucent gate.
  4108 | D:6      | Found a runed translucent gate.
  4108 | D:6      | Found an opulent altar of Gozag.
  4110 | D:6      | Noticed Talonman3's ghost (novice OgCA)
  4132 | D:6      | Found a sand-covered staircase.
  4140 | Ossuary  | Entered an ossuary
  4193 | Ossuary  | Reached **** piety under Trog
  4623 | D:6      | Found a sparkling altar of Nemelex Xobeh.
  4864 | D:6      | Noticed Eustachio
  4867 | D:6      | Killed Eustachio
  4867 | D:6      | Reached ***** piety under Trog
  5251 | D:7      | Noticed Menkaure
  5264 | D:7      | Killed Menkaure
  5265 | D:7      | Reached skill level 5 in Shapeshifting
  5270 | D:7      | Reached XP level 9. HP: 58/81 MP: 8/8
  5667 | D:7      | Reached skill level 9 in Unarmed Combat
  6083 | D:7      | Found a blossoming altar of Fedhas.
  6210 | D:8      | Reached XP level 10. HP: 73/94 MP: 9/9
  6354 | D:8      | Found a staircase to the Lair.
  6368 | D:8      | Reached skill level 5 in Dodging
  6736 | D:8      | Found a snail-covered altar of Cheibriados.
  7049 | D:9      | Reached skill level 5 in Fighting
  7158 | D:9      | Reached skill level 10 in Unarmed Combat
  7460 | D:9      | Paralysed by a hornet for 1 turns
  8281 | D:10     | Entered Level 10 of the Dungeon
  8325 | D:9      | Reached ****** piety under Trog
  8326 | D:9      | Reached XP level 11. HP: 87/105 MP: 10/10
  8439 | D:10     | Found an ancient bone altar of Kikubaaqudgha.
  8710 | D:10     | Reached skill level 1 in Armour
  8734 | D:10     | Noticed Fannar
  8771 | D:10     | Killed Fannar
  8898 | D:10     | Received a gift from Trog
  8953 | D:10     | Identified the +4 pair of boots "Joetira" {rN+++ Dex-3}
  8975 | D:10     | Reached skill level 11 in Unarmed Combat
  8998 | D:10     | Noticed Lodul
  9055 | D:10     | Killed Lodul
  9595 | D:10     | Found a faded altar of an unknown god.
  9595 | D:10     | Found a burning altar of Makhleb.
  9602 | D:10     | Found a faded altar of an unknown god.
  9604 | D:10     | Found a hide-covered altar of Uskayaw.
  9606 | D:10     | Found a radiant altar of Vehumet.
  9680 | D:10     | Noticed Nergalle
  9695 | D:10     | Killed Nergalle
 10002 | D:11     | Noticed a two-headed ogre
 10104 | D:11     | Killed a two-headed ogre
 10235 | D:11     | Found a portal to a secret trove of treasure.
 10396 | D:11     | Noticed Harold
 10405 | D:11     | Killed Harold
 10540 | D:11     | Reached XP level 12. HP: 67/119 MP: 11/11
 10960 | D:12     | Noticed Sonja
 10969 | D:12     | Sonja changed into Sonja the golden eye
 10969 | D:12     | Noticed Sonja
 10971 | D:12     | Killed Sonja the golden eye
 10993 | D:12     | Noticed Frances
 11004 | D:12     | Killed Frances
 11005 | D:12     | Reached skill level 12 in Unarmed Combat
 11085 | D:12     | Found Qoefapr Nego's General Store.
 11135 | D:12     | Identified the amulet of Woym Yco {RegenMP rPois Int+3}
 11223 | D:12     | Received a gift from Trog
 11274 | D:12     | Found a staircase to the Orcish Mines.
 12068 | Lair:1   | Entered Level 1 of the Lair of Beasts
 12129 | Lair:1   | Found a runed translucent gate.
 12129 | Lair:1   | Found a runed translucent gate.
 12129 | Lair:1   | Found a runed translucent gate.
 12748 | Lair:1   | Found the +1 robe of Vines {NoPotionHeal Regen++++}
 12753 | Lair:1   | Noticed a four-headed hydra
 12794 | Lair:1   | Killed a four-headed hydra
 12795 | Lair:1   | Reached skill level 13 in Unarmed Combat
 12804 | Lair:1   | Noticed a six-headed hydra
 12849 | Lair:1   | Killed a six-headed hydra
 13031 | Lair:1   | Noticed Xafrigaq's ghost (journeyman GnRe)
 13259 | Lair:2   | Noticed a five-headed hydra
 13497 | Lair:2   | Reached XP level 13. HP: 131/131 MP: 12/12
 13853 | Lair:2   | Reached skill level 1 in Evocations
 14095 | Lair:2   | Identified the +2 buckler of Divine Intervention {-Cast rF+
                  | Dex+3}
 14425 | Lair:3   | Received a gift from Trog
 14438 | Lair:3   | Found a hole to the Spider Nest.
 14983 | Lair:3   | Found a staircase to the Swamp.
 15327 | Lair:4   | Reached skill level 10 in Dodging
 15523 | Lair:4   | Reached skill level 10 in Fighting
 15600 | Lair:4   | HP: 5/199 [eight-headed hydra (7)]
 15703 | Lair:4   | Found a staircase to the Slime Pits.
 16275 | Lair:5   | Entered Level 5 of the Lair of Beasts
 16362 | Lair:4   | Reached skill level 14 in Unarmed Combat
 16561 | Lair:5   | Reached skill level 5 in Evocations
 16573 | Lair:5   | Reached XP level 14. HP: 47/143 MP: 4/13
 17092 | Lair:5   | Reached skill level 5 in Throwing
 17190 | Lair:5   | Received a gift from Trog
 18189 | Orc:1    | Entered Level 1 of the Orcish Mines
 18194 | Orc:1    | Noticed Erolcha
 18234 | D:12     | Killed Erolcha
 18336 | Orc:2    | Entered Level 2 of the Orcish Mines
 18607 | Orc:1    | Received a gift from Trog
 18832 | Orc:2    | Noticed Blork the orc
 18882 | Orc:2    | Killed Blork the orc
 19197 | Orc:1    | Noticed Erica
 19213 | Orc:1    | Killed Erica
 19214 | Orc:1    | Reached skill level 15 in Unarmed Combat
 19391 | Orc:1    | Noticed an orc warlord
 19447 | Orc:2    | Found a staircase to the Elven Halls.
 19619 | Orc:2    | Found Sitwoump's Antique Weapon Emporium.
 19725 | Orc:2    | Found Wetop's General Store.
 19731 | Orc:2    | Bought a scroll of blinking for 82 gold pieces
 19748 | Orc:2    | Found Miocuss's Jewellery Emporium.
 19763 | Orc:2    | Found Oluma's Antique Armour Emporium.
 19796 | Orc:2    | Noticed an orc warlord
 19807 | Orc:2    | Killed an orc warlord
 19808 | Orc:2    | Reached XP level 15. HP: 137/148 MP: 14/14
 20296 | D:13     | Identified the +7 halberd "Jabool" {flame, *Rage rPois
                  | rCorr Int-3} (Trog gifted it to you on level 13 of the
                  | Dungeon)
 20296 | D:13     | Received a gift from Trog
 20676 | D:14     | Identified the +1 long sword of Wrath {freeze, rCorr Dex+3}
 21237 | D:14     | Found a glowing golden altar of the Shining One.
 21433 | D:15     | Entered Level 15 of the Dungeon
 22576 | Spider:1 | Entered Level 1 of the Spider Nest
 22587 | Spider:1 | Noticed Agnes
 22819 | Lair:3   | Killed Agnes
 23136 | Spider:1 | Identified the +7 flail of Noxious Absolution {heavy,
                  | Int+2}
 23516 | Spider:1 | Reached skill level 16 in Unarmed Combat
 23524 | Spider:1 | Noticed Josephine
 23526 | Spider:1 | Received a gift from Trog
 23548 | Spider:1 | Killed Josephine
 23972 | Spider:1 | Found a hide-covered altar of Uskayaw.
 24050 | Spider:1 | Reached XP level 16. HP: 152/153 MP: 15/15
 24534 | Spider:2 | Received a gift from Trog
 24643 | Spider:2 | Found a transporter.
 24657 | Spider:2 | Found a transporter.
 25013 | Spider:2 | Identified the +0 plate armour of the Thistle {+Blink Will+
                  | Stlth+}
 25161 | Spider:2 | You fall into a shaft and drop 1 floor!
 25473 | Spider:3 | Reached skill level 17 in Unarmed Combat
 25493 | Spider:3 | HP: 10/250 [poisoned by a redback]
 25494 | Spider:3 | HP: 2/167 [poisoned by a redback]
 25627 | Spider:3 | Found a runed translucent door.
 25636 | Spider:3 | Noticed Doitsug's ghost (adept KoAr)
 25799 | Spider:3 | HP: 8/161 [jumping spider[a broodmother] (15)]
 25801 | Spider:3 | Received a gift from Trog
 25997 | Spider:4 | Entered Level 4 of the Spider Nest
 26420 | D:6      | Killed Talonman3's ghost
 26546 | Lair:1   | Killed Xafrigaq's ghost
 26695 | Swamp:1  | Entered Level 1 of the Swamp
 27361 | Swamp:2  | Found a stormy altar of Qazlal.
 27391 | Swamp:1  | Reached skill level 1 in Shields
 27802 | Swamp:2  | HP: 4/167 [eight-headed hydra (9)]
 27950 | Swamp:2  | Received a gift from Trog
 28290 | Swamp:3  | Reached XP level 17. HP: 78/173 MP: 16/16
 28292 | Swamp:3  | Reached skill level 5 in Shields
 28302 | Swamp:3  | HP: 13/262 [tyrant leech (20)]
 28303 | Swamp:3  | HP: 5/262 [spriggan rider/+0 spear (9)]
 28304 | Swamp:3  | Annihilated by a tyrant leech

Illustrated notes

Levels and vault maps discovered:
D:1:      spicycebolla_arrival_xxxplode, layout_basic, minmay_misc_feat_pillars,
          minmay_misc_feat_room
D:2:      layout_loops_ring, hellmonk_ecumenical_altar_prayer_group
D:3:      due_chaos_kobolds, layout_loops_ring, hangedman_decor_riveting,
          uniq_ijyb
D:4:      layout_loops_ring, xom_butterflies,
          mainiacjoe_overflow_small_starburst, serial_shops, shop, shop, shop,
          kennysheep_little_box, amcnicky_mini_rare_corridor_liquid,
          amcnicky_mini_corridor_feature
D:5:      kennysheep_spiral_hall, layout_basic, lemuel_crystal_altar
D:6:      layout_basic, lemuel_crystal_altar, overflow_temple_1_default,
          lemuel_temple_firewalk_b, ebering_ghost_gozag, enter_ossuary_4,
          uniq_eustachio
D:7:      layout_loops_cross, nicolae_overflow_crystal_walls, serial_aquarium,
          aquarium_bridge_long_separate [aquarium_subvault_bridge,
          aquarium_subvault_bridge, aquarium_subvault_window,
          aquarium_subvault_bridge, aquarium_subvault_bridge,
          aquarium_subvault_bridge], aquarium_bridge_straight
          [aquarium_subvault_bridge, aquarium_subvault_wall,
          aquarium_subvault_bridge, aquarium_subvault_window],
          aquarium_window_fake, aquarium_window_1, aquarium_view_2c,
          aquarium_balcony_3a, aquarium_pool_five, serial_bayou_pond_e,
          small_statue_intersection, uniq_menkaure
D:8:      layout_gridville, slow_altar_1, minmay_lizard_king
D:9:      layout_basic
D:10:     layout_cave_pods, chequers_temple_overflow_minitemple,
          lemuel_zombie_altar_kikubaaqudgha, hangedman_incinerator,
          uniq_nergalle, uniq_fannar, uniq_lodul
D:11:     layout_cave_pods, enter_trove_2, minmay_misc_feat_more_columns,
          uniq_harold
D:12:     layout_small_grid, david_orc_4, serial_shops, shop, uniq_sonja,
          uniq_frances
D:13:     layout_basic, grunt_vaults_entry_fortified
D:14:     layout_irregular_city, tso_altar, nicolae_letterblocks
          [nicolae_letter_subblock, nicolae_letter_subblock,
          nicolae_letter_subblock, nicolae_letter_subblock,
          nicolae_letter_subblock, nicolae_letter_subblock,
          nicolae_letter_subblock, nicolae_letter_subblock,
          nicolae_letter_subblock, nicolae_letter_subblock,
          nicolae_letter_subblock, nicolae_letter_subblock,
          nicolae_letter_subblock, nicolae_letter_subblock,
          nicolae_letter_subblock, nicolae_letter_subblock,
          nicolae_letter_subblock, nicolae_letter_subblock,
          nicolae_letter_subblock, nicolae_letter_subblock,
          nicolae_letter_subblock, nicolae_letter_subblock,
          nicolae_letter_subblock, nicolae_letter_subblock,
          nicolae_letter_subblock]
D:15:     grunt_enter_depths_snipers, layout_loops_ring, hangedman_decor_lopped
Lair:1:   layout_roguey, gammafunk_ghost_icy, hellmonk_guarded_unrand_vines,
          grunt_megastairs_3, serial_bayou_shore_a, infiniplex_staircase_pool_2
Lair:2:   layout_cellular_growth
Lair:3:   layout_concentric_octagons, nicolae_swamp_entry_splash_gauntlet,
          hellmonk_spider_entry_life_and_decay, lemuel_fruit_tree
Lair:4:   layout_loops_ring, slime_entry_1
Lair:5:   minmay_lair_end_enchanted_forest, layout_loops_ring,
          lemuel_fruit_fields, grunt_megastairs_5, serial_bayou_shore_b
Swamp:1:  layout_basic_swamp, evilmike_swamp_ruin_house_2
Swamp:2:  layout_basic_swamp, lemuel_altar_in_water
Swamp:3:  layout_basic_swamp, evilmike_swamp_ruin_house_1, swamp_pool4,
          hangedman_swamp_pad, st_swamp_ruins_2
Spider:1: layout_spider_delve, drop_trap, nicolae_spider_altar_of_dancing,
          uniq_agnes, uniq_josephine
Spider:2: gammafunk_sealed_arena, nicolae_spider_nook
Spider:3: layout_spider_delve, ebering_ghost_reflecting_pool,
          hellmonk_deceptive_appearances
Spider:4: guppyfry_spider_rune, uniq_nikola, uniq_arachne
Orc:1:    layout_diamond_mine, serial_shops, nicolae_shop_pleasant_corner_grove,
          elf_legates, uniq_erica, uniq_snorg, uniq_erolcha
Orc:2:    grunt_orc_cross, layout_caves, lightli_orcish_oven

Skill      XL: |  1  2  3  4  5  6  7  8  9 10 11 12 13 14 15 16 17 |
---------------+----------------------------------------------------+-----
Unarmed Combat | 4 5 6 7 8 9 10 11 13 14 15 16 17 | 17.4
Throwing       | 2 3 4 7 8 9 |  9.7
Shapeshifting  | 3 5 7 8 |  8.0
Fighting       | 3 4 6 7 9 10 11 12 | 12.8
Dodging        | 3 4 6 7 9 10 11 12 | 12.9
Armour         | 2 |  2.1
Evocations     | 5 |  5.0
Shields        | 4 5 |  5.6

Action                     |  1- 3 |  4- 6 |  7- 9 | 10-12 | 13-15 | 16-18 || total
---------------------------+-------+-------+-------+-------+-------+-------++-------
  Melee: Unarmed           |   102 |   140 |   336 |   743 |  1488 |   538 ||  3347
         Punch             |     2 |     9 |    14 |     5 |   109 |    49 ||   188
         Spear             |       |       |       |    22 |    91 |       ||   113
         Scimitar          |       |       |       |       |       |    17 ||    17
  Throw: Dart              |       |       |     9 |     4 |    11 |       ||    24
         Large rock        |       |       |     1 |     2 |     5 |     8 ||    16
         Javelin           |       |       |       |       |     4 |       ||     4
         Boomerang         |       |       |       |       |    68 |    59 ||   127
 Invoke: Berserk           |       |     1 |       |     8 |    17 |     8 ||    34
         Trog's Hand       |       |       |       |       |     2 |     1 ||     3
         Brothers in Arms  |       |       |       |       |     1 |     3 ||     4
  Evoke: Wand              |       |       |       |     5 |     5 |     5 ||    15
    Use: Scroll            |       |     7 |     8 |     4 |    14 |     7 ||    40
         Potion            |       |       |       |       |     7 |     3 ||    10
   Stab: Sleeping          |       |     1 |       |       |     1 |       ||     2
         Paralysed         |       |       |       |       |     3 |     2 ||     5
         Distracted        |       |       |       |       |       |     1 ||     1
 Armour: Robe              |    48 |    70 |   151 |   209 |  1578 |   462 ||  2518
         Troll leather arm |       |       |       |   378 |       |       ||   378
         Swamp dragon scal |       |       |       |       |       |   207 ||   207
  Dodge: Dodged            |    27 |    48 |   114 |   378 |  1137 |   440 ||  2144
   Form: Flux              |       |       |       |     4 |     1 |       ||     5
                           |       |       |       |     3 |     2 |       ||     5

Table legend: (Time is in decaauts)
 A = Elapsed time spent in this place.
 B = Non-inter-level travel time spent in this place.
 C = Inter-level travel time spent in this place.
 D = Time resting spent in this place.
 E = Time spent auto-exploring this place.
 F = Levels seen in this place.
 G = Mean time per level.
                   A        B        C        D        E       F      G
               +--------+--------+--------+--------+--------+-----+--------+
         Total |  27891 |  25651 |   2240 |   2486 |  15814 |  30 |  929.7 |
       Dungeon |  14614 |  13450 |   1164 |    857 |   9432 |  15 |  974.3 |
          Lair |   7088 |   6356 |    732 |    809 |   3345 |   5 | 1417.6 |
         Swamp |   1616 |   1548 |     68 |    266 |    912 |   3 |  538.7 |
   Spider Nest |   2641 |   2452 |    189 |    151 |   1302 |   4 |  660.2 |
  Orcish Mines |   1643 |   1558 |     85 |    402 |    653 |   2 |  821.5 |
       Ossuary |    287 |    287 |      0 |      0 |    170 |   1 |  287.0 |
               +--------+--------+--------+--------+--------+-----+--------+

Top non-repeatable levels by time:
  Lair:3: 2018 daAuts
  Lair:5: 1527 daAuts
    D:10: 1489 daAuts
  Lair:1: 1465 daAuts
     D:9: 1377 daAuts
     D:6: 1189 daAuts
Spider:2: 1144 daAuts
    D:11: 1110 daAuts
    D:12: 1091 daAuts
  Lair:2: 1065 daAuts
  Lair:4: 1010 daAuts
     D:7: 1004 daAuts
   Orc:2: 1000 daAuts
    D:14: 939 daAuts
     D:3: 920 daAuts
